 Dungeon Crawl Stone Soup version 0.21-a0-504-g2eda330 (webtiles) character file.

101 slep the Poker (level 4, -4/35 HPs)
             Began as a Demonspawn Monk on Nov 26, 2017.
             Slain by Menkaure (13 damage)
             ... on level 4 of the Dungeon.
             The game lasted 00:07:55 (1809 turns).

slep the Poker (Demonspawn Monk)                    Turns: 1809, Time: 00:07:55

Health: -4/35      AC: 13    Str: 11    XL:     4   Next: 48%
Magic:  4/4        EV: 10    Int: 12    God:
Gold:   78         SH:  0    Dex: 16    Spells: 3/3 levels left

rFire    . . .     SeeInvis .   a - +0 spear
rCold    . . .     Gourm    .   (no shield)
rNeg     . . .     Faith    .   q - +0 scale mail
rPois    .         Spirit   .   o - +0 helmet
rElec    .         Reflect  .   (no cloak)
rCorr    +         Harm     .   (no gloves)
MR       .....                  (no boots)
Stlth    +.........             (no amulet)
HPRegen  0.11/turn              j - ring of resist corrosion
MPRegen  0.09/turn              (no ring)

@: sanguine armour, hasted, very quick
A: sanguine armour 1
a: no special abilities


You were on level 4 of the Dungeon.
You were not hungry.

You visited 1 branch of the dungeon, and saw 4 of its levels.

You collected 78 gold pieces.

Inventory:

Hand Weapons
 a - a +0 spear (weapon)
 r - a +2 dagger of venom
Armour
 b - a +0 robe
 h - a +0 ring mail
 o - a +0 helmet (worn)
 q - a +0 scale mail (worn)
Jewellery
 j - a ring of resist corrosion (left hand)
Wands
 u - a wand of disintegration (12)
 y - a wand of scattershot (8)
Scrolls
 d - a scroll of enchant armour {unknown}
 e - 2 scrolls of remove curse {unknown}
 f - 4 scrolls of noise {unknown}
 g - a scroll of amnesia {unknown}
 i - 2 scrolls of immolation {unknown}
 p - 3 scrolls of identify {unknown}
 t - a scroll of magic mapping {unknown}
 w - a scroll of blinking {unknown}
Potions
 m - a potion of haste
 n - a potion of lignification {unknown}
 x - a potion of resistance {unknown}
Comestibles
 c - 3 bread rations
 k - 4 fruits
 l - a meat ration
 s - 2 royal jellies
 v - 4 chunks of flesh


   Skills:
 + Level 3.5 Fighting
 + Level 3.7 Polearms
 + Level 0.8 Armour
 + Level 3.1 Dodging
 + Level 2.2 Stealth


You had 3 spell levels left.
You didn't know any spells.

Dungeon Overview and Level Annotations

Branches:
Dungeon (4/15)
 Temple: D:4-7

Altars:
Ashenzari

Annotations:
D:4 Menkaure


Innate Abilities, Weirdness & Mutations

When seriously injured, your bleeding wounds create armour. (AC +6)


Message History

The orc is severely wounded.
The orc hits you but does no damage.
You hit the orc but do no damage.
The orc is severely wounded.
You hit the orc.
You kill the orc!
You hit Menkaure but do no damage. Menkaure misses you.
You barely miss Menkaure. You hit Menkaure.
Menkaure is lightly damaged.
Menkaure closely misses you.
You hit Menkaure.
Menkaure is moderately damaged.
Menkaure calls on the powers of darkness!
Your body is wracked with pain!
* * * LOW HITPOINT WARNING * * *
You barely miss Menkaure.
Menkaure is moderately damaged.
Menkaure hits you!
You die...

........#.......#
.............##.####.##
#####.#.#.##.......M...
#.###.###.#.####.## #.#
#.#............ #.#
#.#.#.#.####.##
#.#.#.#.# #.# #.#M# ..#
#.#@# ...............
#.#.#...####.## #####


You could see Menkaure.

Vanquished Creatures
  Ijyb (D:3)
  A worker ant (D:3)
  An ooze (D:1)
  2 dart slugs
  4 leopard geckos
  An orc (D:4)
  A ball python (D:1)
  A giant cockroach (D:2)
  3 goblins
  A hobgoblin (D:3)
  A quokka (D:2)
  7 bats
  9 frilled lizards
  6 kobolds
  4 rats
43 creatures vanquished.

Notes
Turn   | Place    | Note
-------+----------+-------------------------------------------
     0 | D:1      | slep the Demonspawn Monk began the quest for the Orb.
     0 | D:1      | Reached XP level 1. HP: 18/18 MP: 1/1
   139 | D:1      | Gained mutation: When seriously injured, your bleeding wounds create armour. (AC +6) [demonic ancestry]
   139 | D:1      | Reached XP level 2. HP: 15/24 MP: 2/2
   917 | D:2      | Reached XP level 3. HP: 29/29 MP: 3/3
  1094 | D:3      | Found a shattered altar of Ashenzari.
  1572 | D:3      | Noticed Ijyb
  1611 | D:3      | Killed Ijyb
  1611 | D:3      | Reached XP level 4. HP: 28/35 MP: 4/4
  1780 | D:4      | Noticed Menkaure
  1809 | D:4      | Slain by Menkaure

Vault maps used:
D:1:      scummos_arrival_simple_fountains
D:2:      first_bread
D:3:      nicolae_ashenzari_panopticon, uniq_ijyb
D:4:      overflow_temple_1_default, uniq_menkaure

Skill      XL: |  1  2  3 |
---------------+----------+-----
Polearms       | 3 |  3.7
Stealth        | 2 |  2.2
Dodging        | 3 |  3.1
Fighting       | |  3.5
Armour         | |  0.8

Action                   |  1- 3 |  4- 6 || total
-------------------------+-------+-------++-------
Melee: Spear             |   164 |    41 ||   205
  Use: Potion            |       |     1 ||     1
 Stab: Sleeping          |     4 |       ||     4
  Eat: Chunk             |     2 |     1 ||     3
Armor: Robe              |     1 |       ||     1
       Ring mail         |    24 |       ||    24
       Scale mail        |    32 |    16 ||    48
Dodge: Dodged            |    77 |    10 ||    87

Table legend:
 A = Spawn XP
 B = Non-spawn XP
 C = Spawn XP percentage of total XP
 D = Spawn monster count
 E = Non-spawn monster count
 F = Spawn count percentage of total count
 G = Total turns spent on level
                    A         B        C        D         E        F      G
               +---------+---------+-------+---------+---------+-------+---------
         Total |       0 |     145 |   0.0 |       0 |      43 |   0.0 |  1809
               +---------+---------+-------+---------+---------+-------+---------
           D:1 |       0 |      32 |   0.0 |       0 |      17 |   0.0 |   573
           D:2 |       0 |      15 |   0.0 |       0 |      11 |   0.0 |   498
           D:3 |       0 |      95 |   0.0 |       0 |      14 |   0.0 |   680
           D:4 |       0 |       3 |   0.0 |       0 |       1 |   0.0 |    58
               +---------+---------+-------+---------+---------+-------+---------
